 Dungeon Crawl Stone Soup version 0.24-a0-789-g35933f4585 (webtiles) character file.

Game seed: 11905100422011634098, levelgen mode: deterministic

152 Johnny the Digger (level 4, -5/36 HPs)
             Began as a Demigod Earth Elementalist on Oct 10, 2019.
             Slain by an ice beast (14 damage)
             ... on level 3 of the Dungeon.
             The game lasted 00:02:00 (2041 turns).

Johnny the Digger (Demigod Earth Elementalist)      Turns: 2041, Time: 00:02:00

Health: -5/36      AC:  2    Str: 11    XL:     4   Next: 87%
Magic:  7/10       EV: 13    Int: 21    God:
Gold:   78         SH:  0    Dex: 16    Spells: 7/8 levels left

rFire    . . .     SeeInvis .   e - +1 short sword (drain)
rCold    . . .     Gourm    .   (no shield)
rNeg     . . .     Faith    .   c - +0 robe
rPois    .         Spirit   .   (no helmet)
rElec    .         Reflect  .   (no cloak)
rCorr    .         Harm     .   (no gloves)
MR       .....                  (no boots)
Stlth    ++........             (no amulet)
HPRegen  0.12/turn              (no ring)
MPRegen  0.12/turn              (no ring)

@: no status effects
A: high mp 1
a: no special abilities


You were on level 3 of the Dungeon.
You were hungry.

You visited 1 branch of the dungeon, and saw 3 of its levels.

You collected 78 gold pieces.

Inventory:

Hand Weapons
 a - a +0 short sword
 e - a +1 short sword of draining (weapon)
Missiles
 b - 84 stones (quivered)
Armour
 c - a +0 robe (worn)
Jewellery
 m - an uncursed amulet of the acrobat {unknown}
Scrolls
 f - 4 scrolls of identify {unknown}
 g - 4 scrolls of teleportation {unknown}
 h - a scroll of remove curse {unknown}
 l - a scroll of random uselessness {unknown}
 p - a scroll of immolation {unknown}
 q - a scroll of magic mapping {unknown}
Potions
 j - a potion of ambrosia {unknown}
 k - a potion of berserk rage {unknown}
 n - a potion of invisibility {unknown}
 o - a potion of magic {unknown}
Comestibles
 d - 7 rations


   Skills:
 + Level 1.7 Fighting
 + Level 2.6 Dodging
 - Level 1.7 Stealth
 + Level 2.5 Spellcasting
   Level 0.8 Transmutations
 * Level 4.0 Earth Magic


You had 7 spell levels left.
You knew the following spells:

 Your Spells              Type           Power        Failure   Level  Hunger
a - Sandblast             Erth           ###...       2%          1    None

Your spell library contained the following spells:

 Spells                   Type           Power        Failure   Level  Hunger
 Passwall                 Tmut/Erth      ##......     8%          2    ##.....
 Stone Arrow              Conj/Erth      ##....       19%         3    ###....
 Petrify                  Tmut/Erth      ##......     45%         4    ####...
 Lee's Rapid Deconstruct  Erth           ###.......   58%         5    ######.


Dungeon Overview and Level Annotations

Branches:
Dungeon (3/15)


Innate Abilities, Weirdness & Mutations

You have an increased reservoir of magic. (+10% MP)


Message History

Unknown command.
Found a scroll labeled TACKIE DIRU.
Found a stone staircase leading down.
A hobgoblin comes into view.
Found a ration.
There is a stone staircase leading up here.
Found 3 gold pieces.
You see here a tourmaline ring.
Found 14 gold pieces.
Found 5 gold pieces.
Found a stone staircase leading down.
Found 12 gold pieces.
There is a stone staircase leading down here.
The hobgoblin shouts!
The hobgoblin drinks a potion.
The hobgoblin suddenly seems more resistant.
It was a potion of cancellation.
You feel magically purged. The ice beast hits you.
* * * LOW HITPOINT WARNING * * *
The ice beast freezes you!
You die...

#......#..........####..
#......##.......#.......
##########......#........######..
........=..........#........####.
#####..#...<.)................#.
#..###.........#....# #......
#.## #...##)........#######..
#.####..########......##.....
#.##....##.Y@.g..............
#...?..##..#####....#........
#............# #....##.#.....
.......#.>.......# #...........##
$......#.#.......###.#.....#####
.....##..#.......##........######
......................##.........
....####.#.......#..###..#.......
...$ $.#.......#.###..##.......


You could see an ice beast and a hobgoblin.

Vanquished Creatures
  An ogre (D:2)
  An ooze (D:1)
  A worm (D:2)
  A dart slug (D:1)
  3 orcs (D:3)
  2 ball pythons
  10 bats
  2 giant cockroaches (D:2)
  6 goblins (D:1)
  11 hobgoblins
  A quokka (D:2)
  4 frilled lizards (D:1)
  7 kobolds
  5 rats
55 creatures vanquished.

Notes
Turn   | Place    | Note
-------+----------+-------------------------------------------
     0 | D:1      | Johnny the Demigod Earth Elementalist began the quest for
                  | the Orb.
     0 | D:1      | Reached XP level 1. HP: 14/14 MP: 5/5
   396 | D:1      | Reached skill level 3 in Earth Magic
   396 | D:1      | Reached XP level 2. HP: 22/22 MP: 7/7
   794 | D:1      | Reached XP level 3. HP: 26/27 MP: 8/8
  1163 | D:2      | Reached skill level 1 in Fighting
  1449 | D:2      | Found a sacrificial altar of Ru.
  1450 | D:2      | Found a basalt altar of Yredelemnul.
  1451 | D:2      | Noticed an ogre
  1462 | D:2      | Killed an ogre
  1462 | D:2      | Reached XP level 4. HP: 18/35 MP: 5/10
  1721 | D:2      | Found a glowing golden altar of the Shining One.
  2006 | D:3      | Noticed an ice beast
  2012 | D:3      | Reached skill level 4 in Earth Magic
  2041 | D:3      | Slain by an ice beast

Levels and vault maps discovered:
D:1:      lightli_arrival_noodles, layout_basic, chequers_big_river
D:2:      layout_loops_cross, grunt_temple_overflow_open,
          lemuel_coloured_pillars_altar
D:3:      layout_rooms, first_ration, uniq_natasha, uniq_crazy_yiuf_cottage

Skill      XL: |  1  2  3  4 |
---------------+-------------+-----
Dodging        | 2 |  2.6
Earth Magic    | 3 4 |  4.0
Spellcasting   | 2 |  2.5
Fighting       | 1 |  1.7
Stealth        | |  1.7
Transmutations | |  0.8

Action                   |  1- 3 |  4- 6 || total
-------------------------+-------+-------++-------
Melee: Short sword       |    85 |     7 ||    92
       Unarmed           |     1 |       ||     1
 Cast: Sandblast         |    13 |     9 ||    22
  Use: Potion            |       |     1 ||     1
 Stab: Sleeping          |     8 |     2 ||    10
  Eat: Chunk             |     2 |     1 ||     3
Armor: Robe              |    17 |       ||    17
Dodge: Dodged            |    72 |    11 ||    83

Table legend:
 A = Non-vault XP
 B = Vault XP
 C = Vault XP percentage of total XP
 D = Non-vault monster count
 E = Vault monster count
 F = Vault count percentage of total count
                 A         B        C        D         E       F
            +---------+---------+-------+---------+---------+-------
      Total |     218 |       0 |   0.0 |      55 |       0 |   0.0
            +---------+---------+-------+---------+---------+-------
        D:1 |      54 |       0 |   0.0 |      31 |       0 |   0.0
        D:2 |     155 |       0 |   0.0 |      21 |       0 |   0.0
        D:3 |       9 |       0 |   0.0 |       3 |       0 |   0.0
            +---------+---------+-------+---------+---------+-------
